 Dungeon Crawl Stone Soup version 0.18.1-6-gd335043 (webtiles) character file.

534 M4edhros the Cleaver (level 7, -3/57 HPs)
             Began as a Minotaur Berserker on May 20, 2016.
             Was a Believer of Trog.
             Shot with an arrow by a centaur (15 damage)
             ... on level 6 of the Dungeon.
             The game lasted 00:02:35 (682 turns).

M4edhros the Cleaver (Minotaur Berserker)            Turns: 682, Time: 00:02:36

Health: -3/57      AC:  6    Str: 21    XL:     7   Next: 4%
Magic:  6/6        EV: 10    Int:  4    God:    Trog [**....]
Gold:   62         SH:  0    Dex: 12    Spells: 0 memorised, 6 levels left

rFire  . . .     SeeInvis .     a - +0 hand axe
rCold  . . .     Gourm    .     j - +0 scale mail
rNeg   . . .     Faith    .     (no shield)
rPois  .         Spirit   .     (helmet restricted)
rElec  .         Dismiss  .     (no cloak)
rCorr  +         Reflect  .     (no gloves)
SustAt .         Harm     .     (no boots)
MR     .....                    (no amulet)
Stlth  ..........               (no ring)
                                m - ring of resist corrosion

@: exhausted, not resistant to hostile enchantments, extremely unstealthy
A: retaliatory headbutt, horns 2
a: Berserk, Trog's Hand, Burn Spellbooks, Renounce Religion


You were on level 6 of the Dungeon.
You worshipped Trog.
Trog was pleased with you.
You were not hungry.

You visited 1 branch of the dungeon, and saw 6 of its levels.

You collected 62 gold pieces.

Inventory:

Hand Weapons
 a - a +0 hand axe (weapon)
Missiles
 n - a throwing net (quivered)
Armour
 b - a +0 animal skin
 j - a +0 scale mail (worn)
Jewellery
 m - a ring of resist corrosion (left hand)
Scrolls
 d - 3 scrolls of enchant weapon {unknown}
 f - a scroll of remove curse {unknown}
 g - a scroll of blinking {unknown}
 h - 2 scrolls of recharging {unknown}
 i - a scroll of random uselessness {unknown}
 k - a scroll of fear {unknown}
 l - 3 scrolls of teleportation {unknown}
Potions
 e - a potion of ambrosia {unknown}
Comestibles
 c - a bread ration
 o - 6 chunks of flesh


   Skills:
 - Level 3.6 Fighting
 + Level 9.6 Axes
 - Level 2.4 Armour
 - Level 2.1 Dodging


You had 6 spell levels left.
You didn't know any spells.

Dungeon Overview and Level Annotations

Branches:
Dungeon (6/15)
 Temple: D:4-7

Altars:
Ashenzari
Dithmenos
Ru
The Shining One


Innate Abilities, Weirdness & Mutations

You reflexively headbutt those who attack you in melee.
You have a pair of horns on your head.


Message History

o - 9 chunks of flesh (gained 3)
There is a stone staircase leading up, spattered with blood here.
Things that are here:
a halberd; a robe Some of the chunks of flesh in your inventory have rotted away.
Unknown command.
Eat one of 8 chunks of flesh? (ye/n/q/i?) This raw flesh tastes terrible.
You are feeling hungry.
You continue eating. x2
Eat one of 7 chunks of flesh? (ye/n/q/i?) This raw flesh tastes terrible.
You continue eating. x2
Found a stone staircase leading down.
You feel yourself speed up.
You open the door.
A centaur comes into view.
The centaur shouts!
You hear a shout!
The centaur wields a shortbow.
The centaur shoots an arrow.
The arrow hits you!
You die...

#### ### ### ##... ..#
##>## #...# #.###...##
###...### #.# .....#
#.......###.###...#####.
#.......................
#.......###.####.######
###...### #.# #@#
#...#####.# #'#
##........# ...
#..######## c....
#.##.## .......
###.#...####.........
...<.......+.........+
###.#...####.........#
#.##.##


You could see a centaur.

Vanquished Creatures
  Menkaure (D:4)
  The ghost of epen the Sneak, an amateur SpAs (D:4)
  Blork the orc (D:6)
  A water moccasin zombie (D:4)
  A jelly (D:6)
  A giant frog zombie (D:4)
  2 hounds (D:6)
  3 adders
  2 adder zombies
  A giant gecko (D:4)
  6 orcs (D:4)
  3 hobgoblins (D:2)
  A kobold (D:2)
  2 quokkas
  4 bats
  2 giant newts
  A jackal zombie (D:4)
  A rat (D:2)
34 creatures vanquished.

Notes
Turn   | Place    | Note
--------------------------------------------------------------
     0 | D:1      | M4edhros the Minotaur Berserker began the quest for the Orb.
     0 | D:1      | Reached XP level 1. HP: 19/19 MP: 0/0
    68 | D:1      | Reached skill level 4 in Axes
   125 | D:2      | Found a shadowy altar of Dithmenos.
   140 | D:2      | Found a glowing golden altar of the Shining One.
   145 | D:2      | Found a shattered altar of Ashenzari.
   148 | D:2      | Found a sacrificial altar of Ru.
   214 | D:2      | Reached XP level 2. HP: 23/26 MP: 1/1
   345 | D:3      | Found a faded altar to an unknown god.
   349 | D:3      | Reached skill level 5 in Axes
   349 | D:3      | Reached XP level 3. HP: 30/31 MP: 2/2
   393 | D:4      | Noticed epen's ghost (amateur SpAs)
   426 | D:4      | Killed epen's ghost
   426 | D:4      | Reached skill level 6 in Axes
   426 | D:4      | Reached XP level 4. HP: 36/39 MP: 3/3
   432 | D:4      | Reached XP level 5. HP: 43/45 MP: 4/4
   456 | D:4      | Reached skill level 7 in Axes
   461 | D:4      | Noticed Menkaure
   475 | D:4      | Killed Menkaure
   475 | D:4      | Reached skill level 8 in Axes
   475 | D:4      | Reached XP level 6. HP: 5/51 MP: 5/5
   501 | D:5      | Entered Level 5 of the Dungeon
   581 | D:6      | Reached skill level 9 in Axes
   639 | D:6      | Noticed Blork the orc
   651 | D:6      | Killed Blork the orc
   651 | D:6      | Reached ** piety under Trog
   651 | D:6      | Reached XP level 7. HP: 5/57 MP: 6/6
   682 | D:6      | Shot with an arrow by a centaur

Skill      XL: |  1  2  3  4  5  6 |
---------------+-------------------+-----
Axes           | 4 5 6 8 9 |  9.6
Fighting       | |  3.6
Armour         | |  2.4
Dodging        | |  2.1

Action                   |  1- 3 |  4- 6 |  7- 9 || total
-------------------------+-------+-------+-------++-------
Melee: Hand axe          |    49 |    60 |       ||   109
       Headbutt          |     3 |     9 |       ||    12
Invok: Berserk           |       |     3 |       ||     3
  Use: Potion            |     2 |     1 |       ||     3
  Eat: Chunk             |       |     1 |     2 ||     3
Armor: Animal skin       |     3 |       |       ||     3
       Scale mail        |     8 |    10 |       ||    18
       Skin              |    25 |    28 |       ||    53
Dodge: Dodged            |    24 |    24 |       ||    48
